 Dungeon Crawl Stone Soup version 0.29-a0-838-g385bb11a5b (webtiles) character file.

Game seed: 13910105842508365730

113 zeratav the Stinger (level 4, 0/27 HPs)
             Began as an Octopode Venom Mage on July 13, 2022.
             Succumbed to a goblin's poison
             ... on level 2 of the Dungeon.
             The game lasted 00:02:19 (2701 turns).

zeratav the Stinger (Octopode Venom Mage)           Turns: 2701, Time: 00:02:20

Health: 0/27       AC:  1    Str:  7    XL:     4   Next: 96%
Magic:  5/7        EV: 13    Int: 19    God:
Gold:   79         SH:  0    Dex: 12    Spells: 6/7 levels left

rFire   . . .      SeeInvis .   b - +1 dagger (freeze) {short}
rCold   . . .      Faith    .   (no shield)
rNeg    . . .      Spirit   .   (helmet restricted)
rPois   .          Reflect  .   (no amulet)
rElec   .          Harm     .   (no ring)
rCorr   .          Rampage  .   (no ring)
Will    .....                   (no ring)
Stlth   ++++......              (no ring)
HPRegen 0.09/turn               (no ring)
MPRegen 0.10/turn               (no ring)
                                (no ring)
                                (no ring)

@: lethally poisoned (0 -> -5)
A: almost no armour, amphibious, 8 rings, camouflage 1, gelatinous body 1,
(nimble swimmer 1), tentacles
a: no special abilities


You were on level 2 of the Dungeon.
You visited 1 branch of the dungeon, and saw 2 of its levels.

You collected 79 gold pieces.


Innate Abilities, Weirdness & Mutations

You cannot wear most types of armour.
You are amphibious.
You can wear up to eight rings at the same time.
Your skin changes colour to match your surroundings (Stealth+).
Your rubbery body absorbs attacks. (AC +1, EV +1)
((You are camouflaged when in or above water. (Stealth+)))
You have tentacles for arms and can constrict up to eight enemies at once.


   Skills:
 - Level 2.0 Dodging
 - Level 5.0 Stealth
 - Level 2.0 Spellcasting
 - Level 1.0 Transmutations
 + Level 5.5 Poison Magic


You had 6 spell levels left.
You knew the following spells:

 Your Spells              Type           Power      Damage    Failure   Level
a - Sting                 Tmut/Pois      56%        1d5       4%          1

Your spell library contained the following spells:

 Spells                   Type           Power      Damage    Failure   Level
 Poisonous Vapours        Pois/Air       24%        N/A       9%          2
 Olgreb's Toxic Radiance  Pois           23%        N/A       17%         4
 Mephitic Cloud           Conj/Pois/Air  8%         N/A       24%         3
 Inner Flame              Hex/Fire       1%         N/A       45%         3
 Cause Fear               Hex            0%         N/A       86%         4
 Discord                  Hex            0%         N/A       100%        8

Inventory:

Hand Weapons
 b - a +1 dagger of freezing (weapon) {short}
   (You took it off a goblin on level 2 of the Dungeon)
Scrolls
 d - a scroll of acquirement {unknown}
 f - a scroll of vulnerability {unknown}
 g - a scroll of amnesia {unknown}
 j - a scroll of identify {unknown}
 k - 2 scrolls of teleportation {unknown}
 l - a scroll of enchant weapon {unknown}
Potions
 a - a potion of magic
 c - 2 potions of flight {unknown}
 e - a potion of heal wounds {unknown}
 h - a potion of cancellation {unknown}
 i - 2 potions of brilliance {unknown}

Dungeon Overview and Level Annotations

Branches:
Dungeon (2/15) Zot: 9293

Altars:

#.# #.# #.# #
#.# #.#######.#.
#.#
..g......##.#
#########.#
######.###...#
#.........# ..#
≈..##
##.#########
.... ... #>..#
.##..
#g###...### .#
#gg.##.@.......#
..
#g##..........#
##
#....##.......#
##### ###>..###
#...# #####


You could see a gnoll (very poisoned).


Message History

The helpless goblin fails to defend itself.
You puncture the goblin! You freeze the goblin.
You kill the goblin!
k - a scroll labelled BANAFUTACS
l - a scroll labelled ZAIDIQ UL OXYG
Things that are here:
a +0 club {mace}; a goblin corpse
i - 2 sedimented emerald potions (gained 1)
You see here a +0 pair of gloves.
k - 2 scrolls labelled BANAFUTACS (gained 1)
A goblin comes into view. It is wielding a +0 dagger.
A goblin is nearby!
The goblin shouts!
You hit the goblin. You freeze the goblin.
You kill the goblin!
You see here a +0 scale mail.
You now have 79 gold pieces (gained 9).
Natasha and a quokka come into view.
Found a stone staircase leading up.
The helpless Natasha fails to defend herself.
You puncture Natasha! You freeze Natasha.
You kill Natasha!
Natasha screams in fury as she dies!
Training target 5.0 for Stealth reached!
Your Stealth skill increases to level 5!
A kobold comes into view. It is wielding a +0 dagger.
There is a stone staircase leading up here.
The helpless quokka fails to defend itself.
You puncture the quokka! You freeze the quokka.
You kill the quokka!
The helpless kobold fails to defend itself.
You puncture the kobold! You freeze the kobold.
You kill the kobold!
An adder comes into view.
Things that are here:
a +0 dagger {short}; 4 stones {throwing}; a kobold corpse The helpless adder fails to defend itself.
You puncture the adder! You freeze the adder.
You kill the adder!
Found a stone staircase leading down.
Found a stone staircase leading down.
A goblin comes into view. It is wielding a +2 dagger of venom.
A goblin is nearby!
No target in view!
No target in view!
No target in view!
No target in view!
No target in view!
No target in view!
A goblin is nearby!
The goblin shouts!
You hear a shout!
You closely miss the goblin. Your grab misses the goblin.
The goblin hits you with a +2 dagger of venom.
You are poisoned.
HP[-3]
You take 3 damage, and now have 24/27 hp.
You completely miss the goblin. Your grab misses the goblin.
You feel sick.
The goblin hits you with a +2 dagger of venom.
You are more poisoned.
HP[-5]
You take 5 damage, and now have 19/27 hp.
You barely miss the goblin. Your grab misses the goblin.
You squeeze the goblin, but do no damage.
You feel very sick. The goblin closely misses you.
HP[-4]
You take 4 damage, and now have 15/27 hp.
You hit the goblin. You freeze the goblin. Your grab misses the goblin.
You feel sick. The goblin barely misses you.
HP[-2]
You take 2 damage, and now have 13/27 hp.
You barely miss the goblin. You grab the goblin.
You constrict the goblin, but do no damage.
You feel sick. The goblin completely misses you.
HP[-2]
You take 2 damage, and now have 11/27 hp.
You hit the goblin. You freeze the goblin.
You kill the goblin!
You feel sick.
HP[-2]
You take 2 damage, and now have 9/27 hp.
Casting: Sting (safe; 4% risk of failure)
Confirm with . or Enter, or press ? or * to list all spells.
Aiming: Sting (safe; 4% risk of failure)
Press: ? - help, Shift-Dir - straight line, f - gnoll
Aim: a gnoll, wielding a +0 whip (75% to hit)
The sting hits the gnoll but does no damage.
The gnoll is poisoned.
You feel sick. The gnoll hits you with a +0 whip!
* * * LOW HITPOINT WARNING * * *
HP[-8] MP[-1]
You take 8 damage, and now have 1/27 hp.
MASSIVE DAMAGE!! (PAUSE)
You lost 1 mp, and now have 6/7 mp.
Casting: Sting (safe; 4% risk of failure)
Confirm with . or Enter, or press ? or * to list all spells.
Aiming: Sting (safe; 4% risk of failure)
Press: ? - help, Shift-Dir - straight line, f/p - gnoll
Aim: a gnoll, wielding a +0 whip (lightly wounded, poisoned, 75% to hit)
The sting hits the gnoll.
The gnoll looks even sicker.
You die...

Skill      XL: |  1  2  3  4 |
---------------+-------------+-----
Stealth        | 3 4 5 |  5.0
Poison Magic   | 4 5 |  5.5
Dodging        | |  2.0
Spellcasting   | |  2.0
Transmutations | |  1.0

Action                   |  1- 3 |  4- 6 || total
-------------------------+-------+-------++-------
Melee: Short sword       |    67 |       ||    67
       Constrict         |    15 |     1 ||    16
       Tentacles         |     8 |     1 ||     9
       Punch             |     1 |       ||     1
       Dagger            |     8 |    13 ||    21
 Cast: Sting             |    13 |     7 ||    20
 Stab: Sleeping          |    14 |     6 ||    20
Armor: Skin              |     7 |       ||     7
Dodge: Dodged            |    39 |     4 ||    43

Levels and vault maps discovered:
D:1:      shiori_arrival_maze, layout_basic, ebering_ecumenical_altar_petrified
D:2:      layout_loops_ring, amcnicky_mini_pool_small,
          nicolae_elevator_lobby_asterisk, uniq_natasha

Notes
Turn   | Place    | Note
-------+----------+-------------------------------------------
     0 | D:1      | zeratav the Octopode Venom Mage began the quest for the
                  | Orb.
     0 | D:1      | Reached XP level 1. HP: 11/11 MP: 3/3
     0 | D:1      | magus.rc [v1.9.6]
   109 | D:1      | Reached skill level 3 in Stealth
   188 | D:1      | Reached XP level 2. HP: 17/17 MP: 0/5
   191 | D:1      | Reached skill level 4 in Poison Magic
   784 | D:1      | Found a faded altar of an unknown god.
   876 | D:1      | Reached XP level 3. HP: 16/21 MP: 6/6
  1079 | D:1      | Reached skill level 4 in Stealth
  1212 | D:1      | You pick up a book of Hexes and begin reading...
  1212 | D:1      | You add the spells Inner Flame, Cause Fear and Discord to
                  | your library.
  2166 | D:2      | Reached XP level 4. HP: 27/27 MP: 0/7
  2431 | D:2      | Reached skill level 5 in Poison Magic
  2625 | D:2      | Noticed Natasha
  2630 | D:2      | Killed Natasha
  2631 | D:2      | Reached skill level 5 in Stealth
  2700 | D:2      | HP: 1/27 [gnoll/+0 whip (7)]
  2701 | D:2      | Succumbed to a goblin's poison

Vanquished Creatures
  Natasha (D:2)
  2 gnolls (D:2)
  An adder (D:2)
  A worm (D:2)
  3 dart slugs (D:1)
  3 ball pythons
  4 bats (D:1)
  3 endoplasms (D:1)
  3 giant cockroaches
  11 goblins
  3 hobgoblins (D:1)
  5 quokkas
  A frilled lizard (D:1)
  4 kobolds
  4 rats
49 creatures vanquished.

Table legend:
 A = Non-vault XP
 B = Vault XP
 C = Vault XP percentage of total XP
 D = Non-vault monster count
 E = Vault monster count
 F = Vault count percentage of total count
                 A         B        C        D         E       F
            +---------+---------+-------+---------+---------+-------
      Total |     124 |      38 |  23.5 |      46 |       3 |   6.1
            +---------+---------+-------+---------+---------+-------
        D:1 |      56 |       3 |   5.1 |      30 |       2 |   6.2
        D:2 |      68 |      35 |  34.0 |      16 |       1 |   5.9
            +---------+---------+-------+---------+---------+-------

Illustrated notes

Table legend:
 A = Kills in this place as a percentage of kills in entire the game.
 B = Kills by you in this place as a percentage of kills by you in the entire game.
 C = Kills by friends in this place as a percentage of kills by friends in the entire game.
 D = Other kills in this place as a percentage of other kills in the entire game.
 E = Experience gained in this place as a percentage of experience gained in the entire game.
 F = Experience gained in this place divided by the number of levels of this place that you have seen.
                   A       B       C       D       E      F
               +-------+-------+-------+-------+-------+----------------------
         Total | 100.0 | 100.0 |   N/A |   N/A | 100.0 |  81.0
       Dungeon | 100.0 | 100.0 |   N/A |   N/A | 100.0 |  81.0
               +-------+-------+-------+-------+-------+----------------------

Table legend: (Time is in decaauts)
 A = Elapsed time spent in this place.
 B = Non-inter-level travel time spent in this place.
 C = Inter-level travel time spent in this place.
 D = Time resting spent in this place.
 E = Time spent auto-exploring this place.
 F = Levels seen in this place.
 G = Mean time per level.
                   A        B        C        D        E       F      G
               +--------+--------+--------+--------+--------+-----+--------+
         Total |   2706 |   2668 |     38 |    204 |   2092 |   2 | 1353.0 |
       Dungeon |   2706 |   2668 |     38 |    204 |   2092 |   2 | 1353.0 |
               +--------+--------+--------+--------+--------+-----+--------+

Top non-repeatable levels by time:
     D:1: 1934 daAuts
     D:2: 772 daAuts
